 Dungeon Crawl Stone Soup version 0.17.0-28-g6e173f8 (webtiles) character file.

44 M4edhros the Sneak (level 3, -16/26 HPs)
             Began as an Octopode Wanderer on Nov 25, 2015.
             Was a Follower of Lugonu.
             Demolished by an ogre
             ... wielding a +0 giant club
              (24 damage)
             ... on level 3 of the Dungeon.
             The game lasted 00:01:24 (1104 turns).

M4edhros the Sneak (Octopode Wanderer)              Turns: 1104, Time: 00:01:25

Health: -16/26     AC:  1    Str:  8    XL:     3   Next: 62%
Magic:  4/4        EV: 11    Int: 16    God:    Lugonu [*.....]
Gold:   30         SH:  0    Dex: 13    Spells: 0 memorised, 4 levels left

rFire  . . .     SeeInvis .     a - +2 dagger
rCold  . . .     Clarity  .     (no shield)
rNeg   . . .     SustAt   .     (helmet restricted)
rPois  .         Gourm    .     (no amulet)
rElec  .         Spirit   .     m - ring of stealth
rCorr  .         Warding  .     (no ring)
rMut   .         Stasis   .     (no ring)
MR     .....                    (no ring)
Stlth  +++.......               (no ring)
                                (no ring)
                                (no ring)
                                (no ring)

@: confused, hasted, very quick, not resistant to hostile enchantments, fairly
stealthy
A: almost no armour, amphibious, 8 rings, constrict 8, camouflage 1, gelatinous
body 1
a: Depart the Abyss, Renounce Religion


You were on level 3 of the Dungeon.
You worshipped Lugonu.
Lugonu was aware of your devotion.
You were hungry.

You visited 2 branches of the dungeon, and saw 5 of its levels.

You collected 30 gold pieces.

Inventory:

Hand Weapons
 a - a +2 dagger (weapon)
 c - a +0 hand crossbow
 n - a +0 blowgun
Missiles
 d - 28 bolts
 o - 24 poisoned needles
Jewellery
 m - a ring of stealth (left tentacle)
Scrolls
 g - 2 scrolls of remove curse {unknown}
 h - 2 scrolls of enchant armour {unknown}
Potions
 i - a potion of heal wounds {unknown}
 j - a potion of agility {unknown}
 k - a potion of brilliance {unknown}
 l - a potion of flight {unknown}
Comestibles
 f - 2 bread rations


   Skills:
 - Level 3.0 Fighting
 - Level 2.0 Crossbows
 + Level 4.9 Stealth
   Level 1.0 Shields
 - Level 1.0 Spellcasting
   Level 1.0 Air Magic
   Level 1.0 Earth Magic


You had 4 spell levels left.
You didn't know any spells.

Dungeon Overview and Level Annotations

Branches:
Dungeon (4/15)             Temple (1/1) D:4

Altars:
Ashenzari
Elyvilon
Kikubaaqudgha
Makhleb
Qazlal
Zin
Lugonu


Innate Abilities, Weirdness & Mutations

You cannot wear most types of armour.
You are amphibious.
You can wear up to eight rings at the same time.
You can use your tentacles to constrict eight enemies at once.
Your skin changes colour to match your surroundings (Stealth).
Your rubbery body absorbs attacks (AC +1).


Message History

Found 17 stones.
There is an escape hatch in the floor here.
There is a stone staircase leading up here.
You are confused.
In your confused state, you trip and fall back down the stairs.
Drink which item? (? for menu, Esc to quit)
You feel better.
You are confused.
The ogre hits you with a giant club!!
Ouch! That really hurt!
You climb upwards.
There is a stone staircase leading down here.
Drink which item? (? for menu, Esc to quit)
Okay, then.
You aren't carrying any items that can be evoked.
You're too confused!
Drink which item? (? for menu, Esc to quit)
You feel yourself speed up. The ogre hits you with a giant club!!
Ouch! That really hurt!
You die...

#.....##.. #
#####.##.#.#
#.##.#.#
#......#
####.###
#.#####
#.....## ##
##.###>###....
#.# #@O......
#.###.###.##.
##...## #####


You could see an ogre.

Vanquished Creatures
  An adder (D:2)
  A worm (D:3)
  4 orcs
  4 goblins
  6 hobgoblins
  A ball python (D:2)
  2 giant newts
  4 jackals (D:2)
  2 kobolds
  2 rats
27 creatures vanquished.

Notes
Turn   | Place    | Note
--------------------------------------------------------------
     0 | D:1      | M4edhros the Octopode Wanderer began the quest for the Orb.
     0 | D:1      | M4edhros set off with: a +2 dagger, a potion of haste, a +0 hand crossbow, 28 bolts, a potion of curing, a bread ration
     0 | D:1      | Reached XP level 1. HP: 16/16 MP: 2/2
   120 | D:2      | Reached XP level 2. HP: 7/21 MP: 3/3
   663 | D:2      | Reached skill level 4 in Stealth
   663 | D:2      | Reached XP level 3. HP: 17/26 MP: 4/4
  1017 | D:4      | Found a staircase to the Ecumenical Temple.
  1024 | Temple   | Entered the Ecumenical Temple
  1050 | Temple   | Became a worshipper of Lugonu the Unformed
  1050 | Temple   | Reached * piety under Lugonu
  1077 | D:4      | Noticed an ogre
  1104 | D:3      | Demolished by an ogre

Action                   || total
-------------------------++-------
Melee: Dagger            ||    58
  Use: Potion            ||     2
 Stab: Distracted        ||     1
       Sleeping          ||     6
